| TOP OF THE 1ST |
|
Wisconsin Timber Rattlers batting - Pitching for Binghamton Mets : LHP Steve Kelly
|
|
Pitching: LHP Steve Kelly
|
|
|
Batting: RHB John Freeman
|
0-0: Ground out 5-3 (Groundball, 5, EV 86.9 MPH)
|
|
Batting: RHB Joe LaDue
|
0-0: Foul Ball, location: 2F 0-1: Ball 1-1: Swinging Strike 1-2: Strikes out swinging
|
|
Batting: RHB Jeff Cornett
|
0-0: Called Strike 0-1: Ball 1-1: Foul Ball, location: 2F 1-2: Fly out, F2 (Popup, 2L, EV 91.3 MPH)
|
| Top of the 1st over - 0 runs, 0 hits, 0 errors, 0 left on base; Wisconsin 0 - Binghamton 0 |
| BOTTOM OF THE 1ST |
|
Binghamton Mets batting - Pitching for Wisconsin Timber Rattlers : RHP Jeff Alanis
|
|
Pitching: RHP Jeff Alanis
|
|
|
Batting: LHB Jose Chavez
|
0-0: SINGLE (Line Drive, 9S, EV 87.5 MPH)
|
|
Batting: RHB Steve Dunaway
|
0-0: TRIPLE (Flyball, 78XD, EV 93.1 MPH) Jose Chavez scores
|
|
Batting: SHB Alex Orozco
|
0-0: Ball 1-0: Called Strike 1-1: SINGLE (Groundball, 56, EV 94.4 MPH) Steve Dunaway scores
|
|
Batting: RHB Andy Solorzano
|
0-0: Swinging Strike 0-1: Foul Ball, location: 2F 0-2: Ball 1-2: Foul Ball, location: 2F 1-2: Ball 2-2: Ball 3-2: Grounds into double play, 6-4-3 (Groundball, 6, EV 86.3 MPH)
|
|
Batting: RHB Chris Nelson
|
0-0: Hit by Pitch
|
|
Batting: RHB Joe Kooyers
|
0-0: Ball 1-0: Fielders Choice at 2nd, 5-4 (Groundball, 56, EV 85.0 MPH)
|
| Bottom of the 1st over - 2 runs, 3 hits, 0 errors, 1 left on base; Wisconsin 0 - Binghamton 2 |
| TOP OF THE 2ND |
|
Wisconsin Timber Rattlers batting - Pitching for Binghamton Mets : LHP Steve Kelly
|
|
Batting: RHB Rafael Medina
|
0-0: SINGLE (Line Drive, 6MD, EV 101.3 MPH)
|
|
Batting: RHB Eddie McCoy
|
0-0: Ball 1-0: Called Strike 1-1: Ball 2-1: Fly out, F8 (Flyball, 8LXD, EV 94.4 MPH)
|
|
Batting: SHB Mitchell Greene
|
0-0: Foul Ball, location: 2F 0-1: Ball 1-1: Ball 2-1: Called Strike 2-2: Foul Ball, location: 2F 2-2: Ball 3-2: Base on Balls Rafael Medina to second
|
|
Batting: RHB Bryant Thies
|
0-0: Ball 1-0: Called Strike 1-1: Swinging Strike 1-2: Fielders Choice at 2nd, 3-6 (Groundball, 34, EV 86.9 MPH) Rafael Medina to third
|
|
Batting: RHB Raymond Young
|
0-0: Fly out, F9 (Flyball, 89S, EV 92.5 MPH)
|
| Top of the 2nd over - 0 runs, 1 hit, 0 errors, 2 left on base; Wisconsin 0 - Binghamton 2 |
| BOTTOM OF THE 2ND |
|
Binghamton Mets batting - Pitching for Wisconsin Timber Rattlers : RHP Jeff Alanis
|
|
Batting: LHB Joel Soto
|
0-0: Ball 1-0: SINGLE (Groundball, 4M, EV 96.9 MPH)
|
|
Batting: LHB Elmo Dreier
|
0-0: Ball 1-0: Ball 2-0: Called Strike 2-1: Fielders Choice at 2nd, 4-6 (Groundball, 34, EV 103.8 MPH)
|
|
Batting: RHB Dave Conde
|
0-0: Called Strike Elmo Dreier steals 2nd base 0-1: Called Strike 0-2: Foul Ball, location: 2F 0-2: Strikes out swinging
|
|
Batting: LHB Jose Chavez
|
0-0: Ball 1-0: Ball 2-0: Called Strike 2-1: Called Strike 2-2: Strikes out looking
|
| Bottom of the 2nd over - 0 runs, 1 hit, 0 errors, 1 left on base; Wisconsin 0 - Binghamton 2 |
| TOP OF THE 3RD |
|
Wisconsin Timber Rattlers batting - Pitching for Binghamton Mets : LHP Steve Kelly
|
|
Batting: RHB Tyler Badillo
|
0-0: Ball 1-0: Foul Ball, location: 2F 1-1: Ball 2-1: Ball 3-1: SOLO HOME RUN (Flyball, 89XD, EV 109.4 MPH), Distance : 395 ft
|
|
Batting: RHB John Freeman
|
0-0: Ball 1-0: Ball 2-0: Ball 3-0: Base on Balls
|
|
Batting: RHB Joe LaDue
|
0-0: Ball 1-0: Ball Wild Pitch! John Freeman to second 2-0: Called Strike 2-1: Ball 3-1: Swinging Strike 3-2: Fly out, F9 (Flyball, 9, EV 81.9 MPH)
|
|
Batting: RHB Jeff Cornett
|
0-0: DOUBLE (Flyball, 78XD, EV 115.6 MPH) John Freeman scores
|
|
Batting: RHB Rafael Medina
|
0-0: Called Strike 0-1: Ball 1-1: Called Strike 1-2: Strikes out swinging
|
|
Batting: RHB Eddie McCoy
|
0-0: Ball 1-0: Ground out 4-3 (Groundball, 4D, EV 91.3 MPH)
|
| Top of the 3rd over - 2 runs, 2 hits, 0 errors, 1 left on base; Wisconsin 2 - Binghamton 2 |
| BOTTOM OF THE 3RD |
|
Binghamton Mets batting - Pitching for Wisconsin Timber Rattlers : RHP Jeff Alanis
|
|
Batting: RHB Steve Dunaway
|
0-0: Ball 1-0: SINGLE (Groundball, 6MD, EV 103.1 MPH)
|
|
Batting: SHB Alex Orozco
|
0-0: Ball 1-0: Ball Steve Dunaway steals 2nd base 2-0: Ball Wild Pitch! Steve Dunaway to third 3-0: Base on Balls
|
|
Batting: RHB Andy Solorzano
|
0-0: Called Strike 0-1: Ball 1-1: Ball 2-1: Swinging Strike Passed Ball! Steve Dunaway scores Alex Orozco to second 2-2: Strikes out looking
|
|
Batting: RHB Chris Nelson
|
0-0: Ball 1-0: Ball 2-0: Foul Ball, location: 2F 2-1: Ball 3-1: Foul Ball, location: 2F 3-2: Base on Balls
|
|
Batting: RHB Joe Kooyers
|
0-0: Grounds into double play, 5-4-3 (Groundball, 56, EV 90.0 MPH)
|
| Bottom of the 3rd over - 1 run, 1 hit, 0 errors, 1 left on base; Wisconsin 2 - Binghamton 3 |
| TOP OF THE 4TH |
|
Wisconsin Timber Rattlers batting - Pitching for Binghamton Mets : LHP Steve Kelly
|
|
Batting: SHB Mitchell Greene
|
0-0: Ball 1-0: Called Strike 1-1: Ball 2-1: Ground out 6-3 (Groundball, 6, EV 83.1 MPH)
|
|
Batting: RHB Bryant Thies
|
0-0: Ground out 4-3 (Groundball, 4M, EV 81.3 MPH)
|
|
Batting: RHB Raymond Young
|
0-0: Swinging Strike 0-1: Ball 1-1: Called Strike 1-2: Strikes out swinging
|
| Top of the 4th over - 0 runs, 0 hits, 0 errors, 0 left on base; Wisconsin 2 - Binghamton 3 |
| BOTTOM OF THE 4TH |
|
Binghamton Mets batting - Pitching for Wisconsin Timber Rattlers : RHP Jeff Alanis
|
|
Batting: LHB Joel Soto
|
0-0: Ball 1-0: Called Strike 1-1: Ball 2-1: Ground out 1-3 (Groundball, 34S, EV 73.8 MPH)
|
|
Batting: LHB Elmo Dreier
|
0-0: Ground out 4-3 (Groundball, 4D, EV 106.3 MPH)
|
|
Batting: RHB Dave Conde
|
0-0: Ball 1-0: Called Strike 1-1: Foul Ball, location: 2F 1-2: Ball 2-2: Ground out 6-3 (Groundball, 56, EV 87.5 MPH)
|
| Bottom of the 4th over - 0 runs, 0 hits, 0 errors, 0 left on base; Wisconsin 2 - Binghamton 3 |
| TOP OF THE 5TH |
|
Wisconsin Timber Rattlers batting - Pitching for Binghamton Mets : LHP Steve Kelly
|
|
Batting: RHB Tyler Badillo
|
0-0: Called Strike 0-1: Ball 1-1: Foul Ball, location: 2F 1-2: Strikes out swinging
|
|
Batting: RHB John Freeman
|
0-0: Ground out 6-3 (Groundball, 6, EV 86.9 MPH)
|
|
Batting: RHB Joe LaDue
|
0-0: Ball 1-0: Swinging Strike 1-1: Swinging Strike 1-2: Ground out 4-3 (Groundball, 4, EV 83.8 MPH)
|
| Top of the 5th over - 0 runs, 0 hits, 0 errors, 0 left on base; Wisconsin 2 - Binghamton 3 |
| BOTTOM OF THE 5TH |
|
Binghamton Mets batting - Pitching for Wisconsin Timber Rattlers : RHP Jeff Alanis
|
|
Batting: LHB Jose Chavez
|
0-0: Called Strike 0-1: Foul Ball, location: 2F 0-2: Foul Ball, location: 2F 0-2: Ball 1-2: Ground out 4-3 (Groundball, 4, EV 86.9 MPH)
|
|
Batting: RHB Steve Dunaway
|
0-0: Ball 1-0: Ball 2-0: Called Strike 2-1: Swinging Strike 2-2: Foul Ball, location: 2F 2-2: Foul Ball, location: 2F 2-2: Ball 3-2: Base on Balls
|
|
Batting: SHB Alex Orozco
|
0-0: Called Strike Steve Dunaway steals 2nd base 0-1: Ground out 4-3 (Groundball, 4, EV 81.3 MPH) Steve Dunaway to third
|
|
Batting: RHB Andy Solorzano
|
0-0: Foul Ball, location: 2F 0-1: Called Strike 0-2: Ball 1-2: Strikes out looking
|
| Bottom of the 5th over - 0 runs, 0 hits, 0 errors, 1 left on base; Wisconsin 2 - Binghamton 3 |
| TOP OF THE 6TH |
|
Wisconsin Timber Rattlers batting - Pitching for Binghamton Mets : LHP Steve Kelly
|
|
Batting: RHB Jeff Cornett
|
0-0: Ball 1-0: Foul Ball, location: 2F 1-1: Foul Ball, location: 2F 1-2: Ball 2-2: Strikes out swinging
|
|
Batting: RHB Rafael Medina
|
0-0: Ball 1-0: Called Strike 1-1: Ball 2-1: SINGLE (Groundball, 6MD, EV 111.3 MPH)
|
|
Batting: RHB Eddie McCoy
|
0-0: Swinging Strike 0-1: Ball 1-1: Ball 2-1: DOUBLE (Line Drive, 89M, EV 89.4 MPH) Rafael Medina to third
|
|
Batting: SHB Mitchell Greene
|
0-0: Called Strike 0-1: Ball 1-1: Called Strike 1-2: Ball 2-2: Ground out 4-3 (Groundball, 4, EV 100.6 MPH) Rafael Medina scores Eddie McCoy to third
|
|
Pitching: RHP Leo Burgos
|
|
|
Batting: RHB Bryant Thies
|
0-0: Ball 1-0: Ball 2-0: Hit by Pitch
|
|
Batting: RHB Raymond Young
|
0-0: Ball 1-0: Called Strike 1-1: Fielders Choice at 2nd, 5-4 (Groundball, 5, EV 85.6 MPH)
|
| Top of the 6th over - 1 run, 2 hits, 0 errors, 2 left on base; Wisconsin 3 - Binghamton 3 |
| BOTTOM OF THE 6TH |
|
Binghamton Mets batting - Pitching for Wisconsin Timber Rattlers : RHP Jeff Alanis
|
|
Batting: RHB Chris Nelson
|
0-0: Called Strike 0-1: Ground out 5-3 (Groundball, 56, EV 97.5 MPH)
|
|
Batting: RHB Joe Kooyers
|
0-0: Ground out 4-3 (Groundball, 4, EV 86.9 MPH)
|
|
Batting: LHB Joel Soto
|
0-0: Ball 1-0: Ball 2-0: Called Strike 2-1: Ball 3-1: Foul Ball, location: 2F 3-2: Foul Ball, location: 2F 3-2: Fly out, F7 (Flyball, 7S, EV 78.8 MPH)
|
| Bottom of the 6th over - 0 runs, 0 hits, 0 errors, 0 left on base; Wisconsin 3 - Binghamton 3 |
| TOP OF THE 7TH |
|
Wisconsin Timber Rattlers batting - Pitching for Binghamton Mets : RHP Leo Burgos
|
|
Batting: RHB Tyler Badillo
|
0-0: Ball 1-0: Called Strike 1-1: Foul Ball, location: 2F 1-2: Strikes out swinging
|
|
Batting: RHB John Freeman
|
0-0: Foul Ball, location: 2F 0-1: Swinging Strike 0-2: SINGLE (Line Drive, 9LS, EV 100.0 MPH)
|
|
Batting: RHB Joe LaDue
|
0-0: Ball 1-0: Ball 2-0: Ball 3-0: Called Strike 3-1: Base on Balls John Freeman to second
|
|
Pinch Hitting: LHB Andy Sanchez
|
0-0: Ball 1-0: DOUBLE (Line Drive, 5D, EV 99.4 MPH) John Freeman scores Joe LaDue to third
|
|
Batting: RHB Rafael Medina
|
0-0: Ball 1-0: Foul Ball, location: 2F 1-1: Swinging Strike 1-2: Ball 2-2: Ball 3-2: Strikes out swinging
|
|
Batting: RHB Eddie McCoy
|
0-0: Ball 1-0: Ground out 5-3 (Groundball, 56, EV 98.8 MPH)
|
| Top of the 7th over - 1 run, 2 hits, 0 errors, 2 left on base; Wisconsin 4 - Binghamton 3 |
| BOTTOM OF THE 7TH |
|
Binghamton Mets batting - Pitching for Wisconsin Timber Rattlers : RHP Jeff Alanis
|
|
Pitching: LHP Dustin Waller
|
|
|
Now in LF: Gene Sutton
|
|
|
Pinch Hitting: RHB Jake Hansford
|
0-0: Foul Ball, location: 2F 0-1: Foul Ball, location: 2F 0-2: Strikes out swinging, 2-3 out at first.
|
|
Pitching: RHP Jason Ukena
|
|
|
Batting: RHB Dave Conde
|
0-0: Ball 1-0: Ball 2-0: Ball 3-0: Base on Balls
|
|
Batting: LHB Jose Chavez
|
0-0: Called Strike 0-1: Ball 1-1: Ball 2-1: Foul Ball, location: 2F 2-2: Ball 3-2: DOUBLE (Line Drive, 78M, EV 102.5 MPH) Dave Conde to third Dave Conde scores
|
|
Batting: RHB Steve Dunaway
|
0-0: Foul Ball, location: 2F 0-1: Ball Jose Chavez steals 3rd base 1-1: Swinging Strike 1-2: SINGLE (Groundball, 56D, EV 94.4 MPH) Jose Chavez scores
|
|
Batting: SHB Alex Orozco
|
0-0: Called Strike 0-1: Called Strike 0-2: Ball 1-2: Fielders Choice at 2nd, 4-6 (Groundball, 4, EV 85.0 MPH)
|
|
Batting: RHB Andy Solorzano
|
0-0: Foul Ball, location: 2F 0-1: Called Strike 0-2: Ball 1-2: Ball 2-2: Ball 3-2: Foul Ball, location: 2F 3-2: Base on Balls Alex Orozco to second
|
|
Batting: RHB Chris Nelson
|
0-0: Ball 1-0: Ball 2-0: Called Strike 2-1: Fly out, F8 (Flyball, 89XD, EV 110.6 MPH)
|
| Bottom of the 7th over - 2 runs, 2 hits, 0 errors, 2 left on base; Wisconsin 4 - Binghamton 5 |
| TOP OF THE 8TH |
|
Wisconsin Timber Rattlers batting - Pitching for Binghamton Mets : RHP Leo Burgos
|
|
Pitching: RHP Francis Cornick
|
|
|
Now at SS: Tom Prayer
|
|
|
Batting: SHB Mitchell Greene
|
0-0: Ball 1-0: Ball 2-0: Foul Ball, location: 2F 2-1: Ball 3-1: Ground out 5-3 (Groundball, 56, EV 98.8 MPH)
|
|
Batting: RHB Bryant Thies
|
0-0: Called Strike 0-1: Ball 1-1: Called Strike 1-2: Foul Ball, location: 2F 1-2: Strikes out looking
|
|
Batting: RHB Raymond Young
|
0-0: Ball 1-0: Foul Ball, location: 2F 1-1: Ground out 6-3 (Groundball, 4MS, EV 83.8 MPH)
|
| Top of the 8th over - 0 runs, 0 hits, 0 errors, 0 left on base; Wisconsin 4 - Binghamton 5 |
| BOTTOM OF THE 8TH |
|
Binghamton Mets batting - Pitching for Wisconsin Timber Rattlers : RHP Jason Ukena
|
|
Pitching: RHP Joe Shaw
|
|
|
Batting: RHB Joe Kooyers
|
0-0: Ball 1-0: Foul Ball, location: 2F 1-1: Ball 2-1: Swinging Strike 2-2: SINGLE (Groundball, 6MD, EV 99.4 MPH)
|
|
Batting: LHB Joel Soto
|
0-0: Sac Bunt to 23 - play at second, runner OUT! 3-6
|
|
Batting: LHB Tom Prayer
|
0-0: Hit by Pitch Joel Soto to second
|
|
Batting: RHB Dave Conde
|
0-0: Ball 1-0: Foul Ball, location: 2F 1-1: Ball 2-1: Ball Joel Soto is caught stealing 3rd base 2-5 Tom Prayer to second 3-1: Foul Ball, location: 2F 3-2: Ground out 1-3 (Groundball, 15S, EV 73.1 MPH)
|
| Bottom of the 8th over - 0 runs, 1 hit, 0 errors, 1 left on base; Wisconsin 4 - Binghamton 5 |
| TOP OF THE 9TH |
|
Wisconsin Timber Rattlers batting - Pitching for Binghamton Mets : RHP Francis Cornick
|
|
Pitching: RHP Amare Golden
|
|
|
Batting: RHB Tyler Badillo
|
0-0: Ball 1-0: Ball 2-0: Called Strike 2-1: Fly out, F8 (Flyball, 8RXD, EV 89.4 MPH)
|
|
Batting: RHB John Freeman
|
0-0: Called Strike 0-1: Ball 1-1: Fly out, F4 (Popup, 34, EV 59.4 MPH)
|
|
Batting: RHB Joe LaDue
|
0-0: Ball 1-0: Ball 2-0: Called Strike 2-1: Swinging Strike 2-2: Fly out, F7 (Flyball, 7, EV 84.4 MPH)
|
| Top of the 9th over - 0 runs, 0 hits, 0 errors, 0 left on base; Wisconsin 4 - Binghamton 5 |
|